 Dungeon Crawl Stone Soup version 0.23-a0-767-gdc19b93 (webtiles) character file.

68 nono the Skirmisher (level 4, -3/40 HPs)
             Began as a Ghoul Fighter on Jan 19, 2019.
             Slain by Sigmund
             ... wielding a +0 scythe
              (8 damage)
             ... on level 2 of the Dungeon.
             The game lasted 00:03:57 (1296 turns).

nono the Skirmisher (Ghoul Fighter)                 Turns: 1296, Time: 00:03:58

Health: -3/40      AC:  8    Str: 19    XL:     4   Next: 19%
Magic:  12/12      EV:  7    Int:  4    God:
Gold:   65         SH:  0    Dex:  8    Spells: 3/3 levels left

rFire    . . .     SeeInvis .     - Unarmed
rCold    + . .     Gourm    .   b - +0 shield
rNeg     + + +     Faith    .   a - +0 scale mail
rPois    ∞         Spirit   .   (no helmet)
rElec    .         Reflect  .   (no cloak)
rCorr    .         Harm     .   f - +0 pair of gloves
MR       .....                  (no boots)
Stlth    ..........             (no amulet)
HPRegen  0.00/turn              e - ring of magical power
MPRegen  0.13/turn              (no ring)

@: confused, flying, rotting
A: rotting body, claws 1, carnivore, cold resistance 1, negative energy
resistance 3, inhibited regeneration, torment resistance, unbreathing
a: no special abilities


You were on level 2 of the Dungeon.
You were not hungry.

You visited 1 branch of the dungeon, and saw 2 of its levels.

You collected 65 gold pieces.

Inventory:

Armour
 a - a +0 scale mail (worn)
 b - a +0 shield (worn)
 f - a +0 pair of gloves (worn)
Jewellery
 e - a ring of magical power (left hand)
Scrolls
 g - a scroll of immolation {unknown}
 j - a scroll of fog
 k - a scroll of magic mapping {unknown}
Comestibles
 d - 2 rations


   Skills:
 + Level 3.8 Fighting
 + Level 3.2 Armour
 + Level 3.2 Shields
 + Level 3.0 Unarmed Combat


You had 3 spell levels left.
You didn't know any spells.
Your spell library was empty.

Dungeon Overview and Level Annotations

Branches:
Dungeon (2/15)

Altars:
Wu Jian

Annotations:
D:2 Sigmund


Innate Abilities, Weirdness & Mutations

Your body is rotting away.
You thrive on raw meat.
You are immune to poison.
You have sharp fingernails.
You are carnivorous and can eat meat at any time.
Your flesh is cold resistant. (rC+)
You are immune to negative energy. (rN+++)
You do not regenerate when monsters are visible.
You are immune to unholy pain and torment.
You can survive without breathing.


Message History

The bat hits you but does no damage. The bat closely misses you.
It was a potion of curing.
You feel better. The bat closely misses you. Sigmund casts a spell at you.
You are confused.
It was a potion of flight.
You feel very buoyant.
You fly up into the air.
The bat completely misses you. Sigmund hits you but does no damage.
You bump into the rock wall.
The bat hits you but does no damage.
Sigmund hits you from afar with a +0 scythe!
* * * LOW HITPOINT WARNING * * *
Your shield prevents you from hitting the bat.
The bat hits you but does no damage.
You're too confused to move!
The bat closely misses you.
Sigmund hits you from afar with a +0 scythe.
* * * LOW HITPOINT WARNING * * *
The bat hits you but does no damage.
You bump into the rock wall.
The bat hits you but does no damage.
Sigmund hits you from afar with a +0 scythe!
You die...

.?# ########..#
#......>..# #.....>....
### #.......... .#.. #
######........#. ....
#.#............... ##..
#.#....(...@b..# ## ###
#........@.....# .#
###.....######## .#
#<....# ########.#
###.### #.....^..#
#...######.#####..#####
#.............##......#
#...######.##.....###.#
##### #.#####.###...
#.#####.##....


You could see Sigmund and a bat.

Vanquished Creatures
  3 adders (D:2)
  A worm (D:2)
  A leopard gecko (D:1)
  9 bats
  A giant cockroach (D:2)
  4 goblins
  A hobgoblin (D:1)
  4 frilled lizards
  8 kobolds
  7 rats
39 creatures vanquished.

Notes
Turn   | Place    | Note
-------+----------+-------------------------------------------
     0 | D:1      | nono the Ghoul Fighter began the quest for the Orb.
     0 | D:1      | Reached XP level 1. HP: 19/19 MP: 0/0
    82 | D:1      | Reached XP level 2. HP: 12/26 MP: 1/1
   614 | D:2      | Reached XP level 3. HP: 22/33 MP: 2/2
   927 | D:2      | Found an ornate altar of the Wu Jian Council.
   963 | D:2      | Reached XP level 4. HP: 34/40 MP: 3/3
  1282 | D:2      | Noticed Sigmund
  1296 | D:2      | Slain by Sigmund

Vault maps used:
D:1:      onia_arrival_mini_spirals, nrook_loot_triangle
D:2:      lemuel_coloured_pillars_altar, uniq_sigmund

Skill      XL: |  1  2  3  4 |
---------------+-------------+-----
Armour         | 3 |  3.2
Shields        | 3 |  3.2
Unarmed Combat | 3 |  3.0
Fighting       | |  3.8

Action                   |  1- 3 |  4- 6 || total
-------------------------+-------+-------++-------
Melee: Unarmed           |   195 |    42 ||   237
  Use: Scroll            |     3 |     1 ||     4
       Potion            |     1 |     3 ||     4
  Eat: Chunk             |    14 |     3 ||    17
Armor: Scale mail        |   110 |    23 ||   133
Dodge: Dodged            |    65 |    21 ||    86
Block: Shield            |    86 |    19 ||   105

Table legend:
 A = Non-vault XP
 B = Vault XP
 C = Vault XP percentage of total XP
 D = Non-vault monster count
 E = Vault monster count
 F = Vault count percentage of total count
                 A         B        C        D         E       F
            +---------+---------+-------+---------+---------+-------
      Total |      98 |       0 |   0.0 |      39 |       0 |   0.0
            +---------+---------+-------+---------+---------+-------
        D:1 |      26 |       0 |   0.0 |      18 |       0 |   0.0
        D:2 |      72 |       0 |   0.0 |      21 |       0 |   0.0
            +---------+---------+-------+---------+---------+-------
